 Dungeon Crawl Stone Soup version 0.31-a0-202-g547052bce9 (webtiles) character file.

Game seed: 397449634940459474

36 innerfire43 the Trooper (level 3, -8/29 HPs)
             Began as a Demonspawn Monk on June 26, 2023.
             Was an Initiate of Ru.
             Mangled by a gnoll
             ... wielding a +0 whip
              (10 damage)
             ... on level 2 of the Dungeon.
             The game lasted 00:01:37 (1165 turns).

innerfire43 the Trooper (Demonspawn Monk)           Turns: 1165, Time: 00:01:38

Health: -8/29      AC:  2    Str: 13    XL:     3   Next: 19%
Magic:  3/3        EV: 13    Int: 11    God:    Ru [......]
Gold:   132        SH:  0    Dex: 15    Spells: 2/2 levels left

rFire   . . .        a - +0 hand axe
rCold   . . .        d - orb {light}
rNeg    . . .        b - +0 robe
rPois   .            (no helmet)
rElec   .            (no cloak)
rCorr   .            (no gloves)
SInv    .            (no boots)
Will    .....        (no amulet) Stlth
                     (no ring)
HPRegen 0.24/turn    (no ring)
MPRegen 0.08/turn

%: no passive effects
@: glowing
A: spiny 1, no stealth, weakness stinger 1
a: Renounce Religion


You were on level 2 of the Dungeon.
You worshipped Ru.
Ru was noncommittal.
You visited 1 branch of the dungeon, and saw 2 of its levels.

You collected 132 gold pieces.

Inventory:

Hand Weapons
 a - a +0 hand axe (weapon)
 k - a +0 short sword of protection
Armour
 b - a +0 robe (worn)
 d - an orb of light (worn)
Scrolls
 e - a scroll of teleportation {unknown}
 f - a scroll of blinking {unknown}
 g - 3 scrolls of fear {unknown}
 i - a scroll of brand weapon {unknown}
 j - a scroll of immolation {unknown}
 l - a scroll of noise {unknown}
Potions
 c - 2 potions of ambrosia
 h - a potion of curing {unknown}
 m - a potion of might {unknown}
 n - a potion of resistance {unknown}


   Skills:
 + Level 3.5 Fighting
 + Level 3.1 Axes
 + Level 3.1 Dodging


You had 2 spell levels left.
You didn't know any spells.
Your spell library was empty.

Dungeon Overview and Level Annotations

Branches:
Dungeon (2/15)

Altars:
Ru

Shops:
D:1 (


Innate Abilities, Weirdness & Mutations

You are partially covered in sharp spines.
You cannot be stealthy.
You have a small tail.


Message History

You kill the kobold!
You slash the endoplasm!
You kill the endoplasm!
Things that are here:
a +0 club; a kobold corpse The endoplasm barely misses you.
You hit the endoplasm.
The endoplasm is moderately wounded.
The endoplasm is struck by your spines. The endoplasm hits you.
You slash the endoplasm!
You kill the endoplasm!
No target in view!
HP restored. 3 gnolls come into view.
Found 12 gold pieces.
Found a stone staircase leading up.
The gnoll shouts!
The gnoll moves out of view.
There are monsters nearby!
A gnoll comes into view. It is wielding a +0 club.
You barely miss the gnoll. You tail-slap the gnoll.
The gnoll is moderately wounded.
The gnoll hits you with a +0 whip. The gnoll barely misses you.
You hit the gnoll but do no damage.
The gnoll is moderately wounded.
The gnoll hits you from afar with a +0 halberd!
An endoplasm comes into view.
You are too injured to fight recklessly!
You are too injured to fight recklessly!
Unknown command.
You are too injured to fight recklessly!
You are too injured to fight recklessly!
The endoplasm quivers.
The gnoll misses you. The gnoll is struck by your spines.
The gnoll barely misses you. The gnoll is struck by your spines.
The gnoll hits you with a +0 halberd!
* * * LOW HITPOINT WARNING * * *
You hit the gnoll.
The gnoll is heavily wounded.
You hit the gnoll. x2; The gnoll hits you with a +0 whip!
You die...

.####......#. ...
...........#. ##..
.#####..##.#P ...
#..##.# ###J. #..##.#
....##### #.....#
#..g...# ##<.##.##
#.gg...+ ..........
#..@...# ####...#.##
##.#.g.#########.......
.$......................
.##.#...##.######.......
# #...##.######.#.#.#.
#......)......#.###>
..#..##.#######......
#..#..##.# #..####
#..#..##.# #..#


You could see 4 gnolls and an endoplasm.

Vanquished Creatures
  A dart slug (D:2)
  4 ball pythons (D:1)
  3 endoplasms
  A goblin (D:1)
  3 hobgoblins (D:1)
  4 kobolds
  2 quokkas (D:1)
  A bat (D:1)
  12 frilled lizards
  2 rats (D:1)
33 creatures vanquished.

Notes
Turn   | Place    | Note
-------+----------+-------------------------------------------
     0 | D:1      | innerfire43 the Demonspawn Monk began the quest for the
                  | Orb.
     0 | D:1      | Reached XP level 1. HP: 18/18 MP: 1/1
   196 | D:1      | Found Angow's Weapon Shoppe.
   227 | D:1      | Gained mutation: You have a small tail. [demonic ancestry]
   227 | D:1      | Reached XP level 2. HP: 22/24 MP: 2/2
   497 | D:1      | Found a faded altar of an unknown god.
   530 | D:1      | Prayed at the altar of an unknown god.
   530 | D:1      | Became a worshipper of Ru the Awakened
   534 | D:1      | Gained mutation: You cannot be stealthy. [Ru sacrifice]
   853 | D:2      | Gained mutation: You are partially covered in sharp spines.
                  | [demonic ancestry]
   853 | D:2      | Reached XP level 3. HP: 23/29 MP: 3/3
  1165 | D:2      | Mangled by a gnoll

Illustrated notes

Levels and vault maps discovered:
D:1:      minmay_arrival_stair_chambers, layout_basic,
          ebering_ecumenical_altar_webs, serial_shops,
          nicolae_shop_hallway_stairs
D:2:      layout_basic, serial_shops, shop, nrook_mini_vaults,
          minmay_lizard_king

Skill      XL: |  1  2 |
---------------+-------+-----
Axes           | 3 |  3.1
Dodging        | 3 |  3.1
Fighting       | |  3.5

Action                     || total
---------------------------++-------
  Melee: Hand axe          ||    67
         Tailslap          ||     5
 Invoke: Sacrifice Stealth ||     1
 Armour: Robe              ||     6
  Dodge: Dodged            ||    44

Table legend: (Time is in decaauts)
 A = Elapsed time spent in this place.
 B = Non-inter-level travel time spent in this place.
 C = Inter-level travel time spent in this place.
 D = Time resting spent in this place.
 E = Time spent auto-exploring this place.
 F = Levels seen in this place.
 G = Mean time per level.
                   A        B        C        D        E       F      G
               +--------+--------+--------+--------+--------+-----+--------+
         Total |   1175 |   1119 |     56 |      0 |    929 |   2 |  587.5 |
       Dungeon |   1175 |   1119 |     56 |      0 |    929 |   2 |  587.5 |
               +--------+--------+--------+--------+--------+-----+--------+

Top non-repeatable levels by time:
     D:1: 846 daAuts
     D:2: 328 daAuts
